 Dungeon Crawl Stone Soup version 0.22.1-5-g62c59d919a (webtiles) character file.

148 Riddle the Skirmisher (level 5, -10/46 HPs)
             Began as a Mummy Chaos Knight on Jan 14, 2019.
             Mangled by a gnoll
             ... wielding a +0 flail
              (13 damage)
             ... on level 3 of the Dungeon.
             The game lasted 00:06:03 (2388 turns).

Riddle the Skirmisher (Mummy Chaos Knight)          Turns: 2388, Time: 00:06:03

Health: -10/46     AC:  7    Str: 17    XL:     5   Next: 8%
Magic:  5/5        EV: 11    Int: 11    God:    Xom [...*..]
Gold:   123        SH:  0    Dex: 11    Spells: 4/4 levels left

rFire    x . .     SeeInvis .   a - +0 mace (chaos)
rCold    + . .     Gourm    .   (no shield)
rNeg     + + +     Faith    .   b - +2 leather armour
rPois    ∞         Spirit   .   d - +0 helmet
rElec    .         Reflect  .   (no cloak)
rCorr    .         Harm     .   (no gloves)
MR       .....                  e - +0 pair of boots
Stlth    +.........             (no amulet)
HPRegen  0.15/turn              (no ring)
MPRegen  0.09/turn              j - ring of flight

@: no status effects
A: no food or potions, fire vulnerability, cold resistance 1, negative energy
resistance 3, torment resistance, unbreathing
a: Renounce Religion, Evoke Flight


You were on level 3 of the Dungeon.
You worshipped Xom.
You were a favourite toy of Xom.
You were not hungry.

You visited 1 branch of the dungeon, and saw 3 of its levels.
You also visited: Sewer.

You collected 123 gold pieces.

Inventory:

Hand Weapons
 a - a +0 mace of chaos (weapon)
Armour
 b - a +2 leather armour (worn)
 d - a +0 helmet (worn)
 e - a +0 pair of boots (worn)
Jewellery
 j - a ring of flight (right hand)
Scrolls
 c - 7 scrolls of teleportation
 f - a scroll of remove curse
 g - a scroll of blinking {unknown}
 h - a scroll of fog {unknown}
 i - a scroll of fear
 k - a scroll of magic mapping {unknown}


   Skills:
 + Level 5.8 Fighting
 - Level 2.4 Maces & Flails
 - Level 1.7 Armour
 - Level 0.7 Dodging


You had 4 spell levels left.
You didn't know any spells.
Your spell library was empty.

Dungeon Overview and Level Annotations

Branches:
Dungeon (3/15)

Altars:
Ashenzari
Fedhas


Innate Abilities, Weirdness & Mutations

You do not eat or drink.
Your flesh is vulnerable to fire.
You are immune to poison.
Your flesh is cold resistant. (rC+)
You are immune to negative energy. (rN+++)
You are immune to unholy pain and torment.
You can survive without breathing.


Message History

You are too injured to fight recklessly!
You are too injured to fight recklessly!
You are too injured to fight recklessly!
You are too injured to fight recklessly!
You are too injured to fight recklessly!
You are too injured to fight recklessly!
You are too injured to fight recklessly!
You are too injured to fight recklessly!
You are too injured to fight recklessly!
You are too injured to fight recklessly!
You are too injured to fight recklessly!
You are too injured to fight recklessly!
You are too injured to fight recklessly!
Okay, then.
Okay, then.
As you read the scroll labeled CACA MALOXZYC, it crumbles to dust.
You assume a fearsome visage.
It was a scroll of fear.
The gnoll hits you with a flail!
You die...
Xom guffaws!

..##....######.#####.########..#
..##.#### #.................#
..##.# #######.#.##.##...#
.....# #.#.....#...#
...#################.#.#####..<#
...................#.#######...#
..################.........#.(.#
#.... #########.............#
....... ...(..g@....#####.##..#
####### #########.#######.....#
. ...................##.#
#########.###.#.##.# .#
#......#.#.##.##.##
#..................
####.#.#.#.######## ...#.#.#...
#####.#.#.##.#


You could see a gnoll (berserk).

Vanquished Creatures
  2 adders (D:3)
  A gnoll (D:1)
  4 river rats
  3 dart slugs
  3 worms
  4 leopard geckos
  5 ball pythons
  2 giant cockroaches
  5 goblins
  4 hobgoblins
  3 jackals (D:2)
  7 kobolds (D:1)
  5 bats
  9 frilled lizards
  25 rats
82 creatures vanquished.

Notes
Turn   | Place    | Note
-------+----------+-------------------------------------------
     0 | D:1      | Riddle the Mummy Chaos Knight began the quest for the Orb.
     0 | D:1      | Reached XP level 1. HP: 18/18 MP: 1/1
   131 | D:1      | XOM: harmless Hex miscast
   344 | D:1      | XOM: smoke on damage
   345 | D:1      | Reached XP level 2. HP: 15/25 MP: 2/2
   598 | D:1      | Reached skill level 4 in Fighting
   774 | D:1      | Reached XP level 3. HP: 25/30 MP: 3/3
   867 | D:1      | XOM: cloud trail
   896 | D:1      | XOM: harmless Pois miscast
  1400 | D:2      | XOM is BORED!
  1400 | D:2      | XOM: noise
  1414 | D:2      | XOM: god gift: 5 gold pieces
  1432 | D:2      | Reached XP level 4. HP: 23/38 MP: 4/4
  1759 | D:2      | XOM: medium Air miscast
  1791 | D:3      | Reached skill level 5 in Fighting
  1852 | D:3      | Found a glowing drain.
  1853 | D:3      | XOM: cloud trail
  1863 | D:3      | XOM: summons friendly ufetubus
  1882 | D:3      | Found a shattered altar of Ashenzari.
  1898 | Sewer    | Entered a sewer
  1915 | Sewer    | XOM: smoke on damage
  1923 | Sewer    | XOM: 4-stop teleportation journey
  1990 | Sewer    | XOM: 2-stop teleportation journey
  2093 | Sewer    | Reached XP level 5. HP: 43/46 MP: 5/5
  2316 | D:3      | Found a blossoming altar of Fedhas.
  2387 | D:3      | HP: 2/46 [gnoll/flail (15)]
  2388 | D:3      | Mangled by a gnoll

Skill      XL: |  1  2  3  4 |
---------------+-------------+-----
Fighting       | 4 5 |  5.8
Maces & Flails | |  2.4
Armour         | |  1.7
Dodging        | |  0.7

Action                   |  1- 3 |  4- 6 || total
-------------------------+-------+-------++-------
Melee: Mace              |   150 |   127 ||   277
  Use: Scroll            |       |     4 ||     4
 Stab: Confused          |     1 |       ||     1
       Paralysed         |       |     1 ||     1
       Sleeping          |       |     1 ||     1
Armor: Leather armour    |    88 |    61 ||   149
Dodge: Dodged            |   105 |    66 ||   171
